[ PARTIDA AOE2 · #482232228 ]
UnrankedCumanos vs Ethiopians
[ ANÁLISIS DE REPETICIÓN · EXTRAÍDO DE LA PARTIDA GRABADA ]
Feudal
10:26
Castillos
26:02
Imperial
49:48
| APM promedio | 15.6 |
| APM pico | 37 |
| eAPM promedio | 12.0 |
| Aldeanos / militares | 113 / 142 |
Foco
⚔️ 41.6% · 🌾 58.4%
Spearman ×102 · Knight ×32 · Militia ×3 · Battering Ram ×3 · Camel Scout ×2
Feudal
12:02
Castillos
24:16
Imperial
51:05
| APM promedio | 15.2 |
| APM pico | 62 |
| eAPM promedio | 12.0 |
| Aldeanos / militares | 99 / 285 |
Foco
⚔️ 40.0% · 🌾 60.0%
Spearman ×182 · Archer ×82 · Battering Ram ×12 · Trade Cart ×9 · Skirmisher ×8 · Monk ×1
Feudal
—
Castillos
—
Imperial
—
| APM promedio | 11.1 |
| APM pico | 38 |
| eAPM promedio | 7.9 |
| Aldeanos / militares | 47 / 58 |
Foco
⚔️ 21.8% · 🌾 78.2%
Knight ×58 · Trade Cart ×7
Feudal
12:39
Castillos
16:47
Imperial
34:51
| APM promedio | 14.4 |
| APM pico | 39 |
| eAPM promedio | 11.0 |
| Aldeanos / militares | 100 / 142 |
Foco
⚔️ 42.1% · 🌾 57.9%
Plumed Archer ×113 · Mangonel ×23 · Monk ×6
Feudal
—
Castillos
—
Imperial
—
| APM promedio | 20.9 |
| APM pico | 69 |
| eAPM promedio | 10.9 |
| Aldeanos / militares | 62 / 156 |
Foco
⚔️ 41.3% · 🌾 58.7%
Cavalry Archer ×156 · Trade Cart ×17
Feudal
11:31
Castillos
18:45
Imperial
47:02
| APM promedio | 17.9 |
| APM pico | 35 |
| eAPM promedio | 15.8 |
| Aldeanos / militares | 261 / 154 |
Foco
⚔️ 26.9% · 🌾 73.1%
Rattan Archer ×57 · Skirmisher ×29 · Scout Cavalry ×24 · Battle Elephant ×20 · Battering Ram ×15 · Knight ×6
Mapa de la partida
Recursos iniciales + cada clic de construcción. Líneas = muros · curvas = relieve. ◆ oro · ⬟ piedra · ● bayas · ✦ reliquia · ◌ hueco del cierre
Tu base· ✓ Cerrada en 26:02 · 0t muro · 2 puerta(s)
Base de Lorden· ✓ Cerrada en 24:16 · 11t muro · 1 puerta(s)
Base de Maxi Greco32· ✓ Cerrada en 23:10 · 38t muro · 2 puerta(s)
Base de TheBunjiMunji· ✓ Cerrada en 16:47 · 18t muro · 1 puerta(s)
Base de GRECOCHI32· ✓ Cerrada en 16:22 · 14t muro · 1 puerta(s)
Base de Peters· ✓ Cerrada en 18:45 · 31t muro · 2 puerta(s)
Terreno inicial suavizado · ◌ = hueco del cierre detectado · pasá el cursor para detalles
Inputs por minuto
— mustelidox - - Lorden
Build order — mustelidox
Primeras 150 de 358 acciones detectadas
| 0:03 | Construir | House |
| 0:03 | Crear | Villager (Male) |
| 0:03 | Crear | Villager (Male) |
| 0:04 | Crear | Villager (Male) |
| 0:04 | Crear | Villager (Male) |
| 0:04 | Crear | Villager (Male) |
| 0:04 | Crear | Villager (Male) |
| 1:41 | Crear | Villager (Male) |
| 1:41 | Crear | Villager (Male) |
| 2:26 | Construir | House |
| 2:29 | Crear | Villager (Male) |
| 2:29 | Crear | Villager (Male) |
| 2:30 | Crear | Villager (Male) |
| 2:38 | Investigar | Loom |
| 2:41 | Crear | Villager (Male) |
| 3:24 | Crear | Villager (Male) |
| 3:25 | Crear | Villager (Male) |
| 3:31 | Construir | House |
| 4:16 | Crear | Villager (Male) |
| 4:16 | Crear | Villager (Male) |
| 4:16 | Crear | Villager (Male) |
| 4:16 | Crear | Villager (Male) |
| 5:06 | Construir | House |
| 5:27 | Construir | Lumber Camp |
| 5:33 | Crear | Villager (Male) |
| 5:33 | Crear | Villager (Male) |
| 5:33 | Crear | Villager (Male) |
| 6:22 | Construir | Mill |
| 6:52 | Crear | Villager (Male) |
| 6:53 | Crear | Villager (Male) |
| 6:53 | Crear | Villager (Male) |
| 8:17 | Investigar | Feudal Age |
| 8:46 | Construir | House |
| 9:42 | Construir | Palisade Gate |
| 9:50 | Construir | House |
| 10:26 | Edad | Edad Feudal |
| 10:31 | Investigar | Wheelbarrow |
| 10:33 | Investigar | Double-Bit Axe |
| 12:00 | Construir | Town Center |
| 12:05 | Crear | Villager (Male) |
| 12:05 | Crear | Villager (Male) |
| 12:06 | Crear | Villager (Male) |
| 12:06 | Crear | Villager (Male) |
| 12:18 | Investigar | Horse Collar |
| 12:31 | Construir | House |
| 12:34 | Construir | House |
| 12:39 | Crear | Villager (Male) |
| 13:13 | Crear | Villager (Male) |
| 13:43 | Construir | Barracks |
| 14:16 | Construir | House |
| 14:17 | Construir | House |
| 14:35 | Crear | Villager (Male) |
| 14:35 | Crear | Villager (Male) |
| 15:34 | Crear | Villager (Male) |
| 15:34 | Crear | Villager (Male) |
| 15:36 | Crear | Villager (Male) |
| 15:38 | Crear | Villager (Male) |
| 15:39 | Crear | Villager (Male) |
| 15:51 | Construir | Market |
| 16:14 | Investigar | Town Watch |
| 16:38 | Crear | Villager (Male) |
| 16:38 | Crear | Villager (Male) |
| 16:38 | Crear | Villager (Male) |
| 16:39 | Crear | Villager (Male) |
| 16:58 | Crear | Villager (Male) |
| 17:14 | Construir | Blacksmith |
| 17:36 | Crear | Villager (Male) |
| 17:42 | Crear | Villager (Male) |
| 17:44 | Crear | Villager (Male) |
| 17:45 | Crear | Villager (Male) |
| 18:20 | Crear | Villager (Male) |
| 18:23 | Crear | Villager (Male) |
| 18:24 | Crear | Villager (Male) |
| 18:35 | Construir | Farm |
| 18:36 | Construir | Farm |
| 18:39 | Construir | Farm |
| 18:40 | Construir | Farm |
| 18:42 | Construir | Farm |
| 18:43 | Construir | Farm |
| 18:45 | Construir | Farm |
| 18:46 | Construir | Farm |
| 18:48 | Construir | Farm |
| 18:55 | Construir | Farm |
| 18:56 | Construir | Farm |
| 18:57 | Construir | Farm |
| 18:59 | Construir | Farm |
| 19:01 | Construir | Farm |
| 19:14 | Construir | Siege Workshop |
| 19:26 | Construir | House |
| 19:28 | Construir | House |
| 19:29 | Construir | House |
| 19:42 | Crear | Villager (Male) |
| 19:52 | Crear | Battering Ram |
| 20:09 | Crear | Villager (Male) |
| 20:10 | Crear | Villager (Male) |
| 20:55 | Construir | Farm |
| 20:56 | Construir | Farm |
| 20:58 | Construir | Farm |
| 21:01 | Construir | Farm |
| 21:02 | Construir | Farm |
| 21:03 | Construir | Farm |
| 21:05 | Construir | Farm |
| 21:06 | Construir | Farm |
| 21:10 | Crear | Villager (Male) |
| 21:19 | Crear | Villager (Male) |
| 21:29 | Construir | House |
| 21:32 | Construir | House |
| 21:40 | Crear | Spearman |
| 21:41 | Crear | Spearman |
| 21:41 | Crear | Spearman |
| 21:41 | Crear | Spearman |
| 21:57 | Construir | Stable |
| 22:24 | Investigar | Fletching |
| 22:41 | Crear | Spearman |
| 22:42 | Crear | Spearman |
| 23:03 | Construir | Palisade Gate |
| 23:22 | Investigar | Castle Age |
| 23:29 | Crear | Villager (Male) |
| 23:30 | Crear | Villager (Male) |
| 23:30 | Crear | Villager (Male) |
| 23:36 | Crear | Spearman |
| 23:37 | Crear | Spearman |
| 23:50 | Construir | Mining Camp |
| 24:09 | Investigar | Forging |
| 24:10 | Investigar | Scale Mail Armor |
| 24:16 | Construir | Farm |
| 24:57 | Crear | Militia |
| 24:57 | Crear | Militia |
| 24:57 | Crear | Militia |
| 25:21 | Crear | Spearman |
| 25:21 | Crear | Spearman |
| 25:22 | Crear | Spearman |
| 25:22 | Crear | Spearman |
| 25:59 | Investigar | Stone Mining |
| 26:02 | Edad | Edad de los Castillos |
| 26:02 | Crear | Villager (Male) |
| 26:02 | Crear | Villager (Male) |
| 26:03 | Crear | Villager (Male) |
| 26:03 | Crear | Villager (Male) |
| 26:03 | Crear | Villager (Male) |
| 26:03 | Crear | Villager (Male) |
| 26:04 | Crear | Villager (Male) |
| 26:12 | Investigar | Hand Cart |
| 26:16 | Crear | Villager (Male) |
| 26:16 | Crear | Villager (Male) |
| 26:17 | Crear | Villager (Male) |
| 26:26 | Construir | University |
| 26:40 | Crear | Villager (Male) |
| 26:58 | Investigar | Bow Saw |
| 28:11 | Construir | House |
Build order — Lorden
Primeras 150 de 383 acciones detectadas
| 0:02 | Crear | Villager (Male) |
| 0:02 | Crear | Villager (Male) |
| 0:05 | Construir | House |
| 0:08 | Construir | House |
| 0:43 | Crear | Villager (Male) |
| 0:43 | Crear | Villager (Male) |
| 0:44 | Investigar | Loom |
| 1:36 | Crear | Villager (Male) |
| 1:59 | Construir | Lumber Camp |
| 2:36 | Crear | Villager (Male) |
| 2:37 | Crear | Villager (Male) |
| 2:37 | Crear | Villager (Male) |
| 3:47 | Crear | Villager (Male) |
| 3:48 | Crear | Villager (Male) |
| 4:11 | Crear | Villager (Male) |
| 4:21 | Construir | Mill |
| 4:53 | Crear | Villager (Male) |
| 4:54 | Crear | Villager (Male) |
| 5:40 | Construir | House |
| 5:41 | Construir | House |
| 5:43 | Construir | House |
| 6:18 | Crear | Villager (Male) |
| 6:18 | Crear | Villager (Male) |
| 7:47 | Crear | Villager (Male) |
| 7:47 | Crear | Villager (Male) |
| 8:14 | Crear | Villager (Male) |
| 8:14 | Crear | Villager (Male) |
| 9:27 | Crear | Villager (Male) |
| 9:50 | Investigar | Feudal Age |
| 10:35 | Construir | Barracks |
| 11:08 | Construir | Lumber Camp |
| 11:21 | Construir | Mining Camp |
| 11:58 | Construir | Palisade Wall |
| 12:02 | Edad | Edad Feudal |
| 12:07 | Construir | Palisade Gate |
| 12:15 | Investigar | Horse Collar |
| 12:29 | Investigar | Double-Bit Axe |
| 12:32 | Crear | Villager (Male) |
| 12:32 | Crear | Villager (Male) |
| 12:33 | Crear | Villager (Male) |
| 12:59 | Construir | Archery Range |
| 13:03 | Crear | Villager (Male) |
| 13:06 | Crear | Villager (Male) |
| 13:19 | Construir | House |
| 13:21 | Construir | House |
| 13:40 | Investigar | Wheelbarrow |
| 13:59 | Crear | Villager (Male) |
| 14:19 | Construir | Market |
| 14:33 | Investigar | Arson |
| 14:44 | Construir | Blacksmith |
| 15:00 | Crear | Villager (Male) |
| 15:23 | Crear | Archer |
| 15:23 | Crear | Archer |
| 15:24 | Crear | Archer |
| 15:24 | Crear | Archer |
| 15:24 | Crear | Archer |
| 15:25 | Crear | Archer |
| 15:37 | Construir | House |
| 15:39 | Construir | House |
| 15:45 | Crear | Villager (Male) |
| 15:57 | Construir | Farm |
| 15:58 | Construir | Farm |
| 16:03 | Construir | Farm |
| 16:29 | Construir | Farm |
| 16:29 | Construir | Farm |
| 16:30 | Construir | Farm |
| 16:30 | Construir | Farm |
| 16:49 | Construir | House |
| 16:50 | Construir | House |
| 16:50 | Construir | House |
| 16:50 | Construir | House |
| 16:59 | Crear | Spearman |
| 16:59 | Crear | Spearman |
| 16:59 | Crear | Spearman |
| 17:00 | Crear | Spearman |
| 17:01 | Crear | Spearman |
| 17:01 | Crear | Spearman |
| 17:55 | Investigar | Padded Archer Armor |
| 17:56 | Investigar | Fletching |
| 18:17 | Construir | Farm |
| 18:17 | Construir | Farm |
| 18:41 | Construir | House |
| 18:41 | Construir | House |
| 18:41 | Construir | House |
| 18:42 | Construir | House |
| 18:42 | Construir | House |
| 18:52 | Crear | Villager (Male) |
| 18:53 | Crear | Villager (Male) |
| 19:30 | Construir | Mill |
| 19:52 | Crear | Villager (Male) |
| 19:53 | Crear | Villager (Male) |
| 20:51 | Construir | Barracks |
| 21:00 | Crear | Villager (Male) |
| 21:36 | Investigar | Castle Age |
| 22:41 | Construir | Mining Camp |
| 22:50 | Crear | Villager (Male) |
| 23:29 | Crear | Spearman |
| 23:29 | Crear | Spearman |
| 23:30 | Crear | Spearman |
| 23:49 | Construir | House |
| 23:49 | Construir | House |
| 23:49 | Construir | House |
| 23:50 | Construir | House |
| 23:54 | Investigar | Scale Mail Armor |
| 24:01 | Crear | Spearman |
| 24:01 | Crear | Spearman |
| 24:02 | Crear | Spearman |
| 24:02 | Crear | Spearman |
| 24:16 | Edad | Edad de los Castillos |
| 24:31 | Construir | Town Center |
| 24:41 | Crear | Trade Cart |
| 24:42 | Crear | Trade Cart |
| 24:42 | Crear | Trade Cart |
| 24:42 | Crear | Trade Cart |
| 24:43 | Crear | Trade Cart |
| 24:43 | Crear | Trade Cart |
| 24:43 | Crear | Trade Cart |
| 25:14 | Construir | Town Center |
| 25:18 | Crear | Villager (Male) |
| 25:18 | Crear | Villager (Male) |
| 25:18 | Crear | Villager (Male) |
| 25:19 | Crear | Villager (Male) |
| 25:20 | Crear | Villager (Male) |
| 25:28 | Investigar | Bow Saw |
| 26:33 | Crear | Villager (Male) |
| 26:33 | Crear | Villager (Male) |
| 26:43 | Investigar | Thumb Ring |
| 26:45 | Investigar | Crossbowman (upgrade) |
| 26:46 | Crear | Archer |
| 26:47 | Crear | Archer |
| 26:58 | Investigar | Gold Mining |
| 27:02 | Crear | Villager (Male) |
| 27:03 | Crear | Villager (Male) |
| 27:06 | Crear | Villager (Male) |
| 27:09 | Crear | Villager (Male) |
| 27:10 | Crear | Villager (Male) |
| 28:00 | Crear | Villager (Male) |
| 28:00 | Crear | Villager (Male) |
| 28:03 | Crear | Villager (Male) |
| 28:03 | Crear | Villager (Male) |
| 28:04 | Crear | Villager (Male) |
| 28:11 | Investigar | Squires |
| 28:12 | Crear | Spearman |
| 28:12 | Crear | Spearman |
| 28:19 | Crear | Archer |
| 28:19 | Crear | Archer |
| 28:20 | Crear | Archer |
| 28:20 | Crear | Archer |
| 28:25 | Crear | Villager (Male) |
| 28:26 | Crear | Villager (Male) |
Build order — Maxi Greco32
Primeras 150 de 185 acciones detectadas
| 0:06 | Construir | House |
| 0:07 | Construir | House |
| 0:19 | Crear | Villager (Male) |
| 0:19 | Crear | Villager (Male) |
| 0:20 | Crear | Villager (Male) |
| 0:20 | Crear | Villager (Male) |
| 0:20 | Crear | Villager (Male) |
| 1:42 | Crear | Villager (Male) |
| 2:15 | Crear | Villager (Male) |
| 2:38 | Crear | Villager (Male) |
| 2:57 | Crear | Villager (Male) |
| 2:58 | Crear | Villager (Male) |
| 3:17 | Crear | Villager (Male) |
| 3:29 | Crear | Villager (Male) |
| 4:00 | Crear | Villager (Male) |
| 4:00 | Crear | Villager (Male) |
| 4:05 | Construir | House |
| 4:27 | Crear | Villager (Male) |
| 4:28 | Crear | Villager (Male) |
| 4:28 | Crear | Villager (Male) |
| 4:52 | Construir | Mill |
| 4:58 | Crear | Villager (Male) |
| 4:58 | Crear | Villager (Male) |
| 5:35 | Crear | Villager (Male) |
| 5:35 | Crear | Villager (Male) |
| 6:35 | Investigar | Loom |
| 7:21 | Crear | Villager (Male) |
| 7:22 | Crear | Villager (Male) |
| 7:39 | Construir | Lumber Camp |
| 7:55 | Construir | House |
| 8:32 | Crear | Villager (Male) |
| 8:58 | Construir | House |
| 9:20 | Investigar | Feudal Age |
| 10:25 | Construir | Palisade Wall |
| 10:52 | Construir | Barracks |
| 11:31 | Construir | Palisade Gate |
| 11:37 | Crear | Villager (Male) |
| 11:38 | Crear | Villager (Male) |
| 11:39 | Crear | Villager (Male) |
| 11:39 | Crear | Villager (Male) |
| 11:39 | Crear | Villager (Male) |
| 11:40 | Crear | Villager (Male) |
| 11:40 | Crear | Villager (Male) |
| 11:40 | Crear | Villager (Male) |
| 11:52 | Construir | Mining Camp |
| 12:02 | Investigar | Double-Bit Axe |
| 12:28 | Construir | House |
| 12:32 | Construir | House |
| 12:40 | Investigar | Gold Mining |
| 13:23 | Crear | Villager (Male) |
| 13:25 | Crear | Villager (Male) |
| 13:47 | Construir | Stable |
| 14:50 | Construir | Market |
| 14:56 | Construir | Blacksmith |
| 15:13 | Investigar | Wheelbarrow |
| 16:17 | Crear | Trade Cart |
| 16:18 | Crear | Trade Cart |
| 16:18 | Crear | Trade Cart |
| 16:18 | Crear | Trade Cart |
| 16:19 | Crear | Trade Cart |
| 16:38 | Construir | Farm |
| 16:39 | Construir | Farm |
| 16:43 | Construir | Farm |
| 17:13 | Construir | Farm |
| 17:18 | Construir | Farm |
| 17:33 | Crear | Villager (Male) |
| 17:33 | Crear | Villager (Male) |
| 17:35 | Crear | Villager (Male) |
| 18:05 | Construir | Farm |
| 18:14 | Construir | Mining Camp |
| 18:22 | Crear | Trade Cart |
| 18:26 | Crear | Trade Cart |
| 18:38 | Construir | Farm |
| 18:41 | Crear | Villager (Male) |
| 18:41 | Crear | Villager (Male) |
| 18:57 | Construir | Farm |
| 19:01 | Crear | Villager (Male) |
| 19:24 | Construir | Farm |
| 19:31 | Crear | Villager (Male) |
| 19:45 | Construir | Farm |
| 19:57 | Construir | House |
| 20:01 | Construir | House |
| 20:29 | Construir | Stone Wall |
| 20:37 | Construir | Stone Wall |
| 21:11 | Construir | Farm |
| 21:20 | Construir | Farm |
| 21:32 | Construir | House |
| 21:33 | Construir | House |
| 22:10 | Construir | Gate |
| 22:52 | Construir | House |
| 22:54 | Construir | House |
| 22:56 | Construir | House |
| 23:10 | Investigar | Castle Age |
| 23:47 | Construir | Watch Tower |
| 24:55 | Construir | Stable |
| 25:04 | Construir | Stable |
| 25:41 | Construir | Blacksmith |
| 25:51 | Investigar | Scale Barding Armor |
| 25:59 | Crear | Knight |
| 26:01 | Crear | Knight |
| 26:05 | Crear | Knight |
| 26:05 | Crear | Knight |
| 26:30 | Crear | Knight |
| 26:30 | Crear | Knight |
| 26:30 | Crear | Knight |
| 26:37 | Investigar | Forging |
| 26:40 | Investigar | Scale Mail Armor |
| 26:51 | Construir | Mining Camp |
| 27:09 | Investigar | Chain Barding Armor |
| 27:21 | Crear | Knight |
| 27:50 | Crear | Knight |
| 27:52 | Crear | Knight |
| 28:00 | Crear | Knight |
| 28:18 | Investigar | Husbandry |
| 28:26 | Investigar | Chain Mail Armor |
| 28:36 | Crear | Knight |
| 29:00 | Crear | Knight |
| 29:04 | Crear | Knight |
| 29:09 | Crear | Knight |
| 29:16 | Crear | Knight |
| 29:18 | Crear | Knight |
| 29:29 | Investigar | Gold Shaft Mining |
| 29:34 | Investigar | Bow Saw |
| 30:03 | Crear | Knight |
| 30:42 | Crear | Knight |
| 31:10 | Crear | Knight |
| 31:55 | Crear | Knight |
| 32:00 | Crear | Knight |
| 32:04 | Crear | Knight |
| 32:30 | Crear | Knight |
| 32:33 | Crear | Knight |
| 35:48 | Investigar | Hand Cart |
| 36:46 | Investigar | Caravan |
| 36:55 | Investigar | Iron Casting |
| 37:06 | Crear | Knight |
| 37:11 | Crear | Knight |
| 37:14 | Crear | Knight |
| 37:17 | Crear | Knight |
| 37:19 | Crear | Knight |
| 37:24 | Crear | Knight |
| 38:06 | Construir | Mining Camp |
| 38:13 | Crear | Knight |
| 38:16 | Crear | Knight |
| 38:18 | Crear | Knight |
| 39:23 | Crear | Knight |
| 39:28 | Crear | Knight |
| 39:30 | Crear | Knight |
| 41:23 | Construir | Lumber Camp |
| 41:28 | Crear | Villager (Male) |
| 41:29 | Crear | Villager (Male) |
Build order — TheBunjiMunji
Primeras 150 de 383 acciones detectadas
| 0:01 | Crear | Villager (Male) |
| 0:02 | Crear | Villager (Male) |
| 0:02 | Crear | Villager (Male) |
| 0:04 | Construir | House |
| 0:06 | Construir | House |
| 1:32 | Crear | Villager (Male) |
| 1:45 | Construir | Lumber Camp |
| 1:58 | Crear | Villager (Male) |
| 2:26 | Crear | Villager (Male) |
| 2:42 | Crear | Villager (Male) |
| 3:05 | Crear | Villager (Male) |
| 3:31 | Crear | Villager (Male) |
| 4:00 | Construir | House |
| 4:08 | Crear | Villager (Male) |
| 4:24 | Crear | Villager (Male) |
| 4:28 | Construir | Mill |
| 4:51 | Crear | Villager (Male) |
| 5:17 | Crear | Villager (Male) |
| 5:21 | Crear | Villager (Male) |
| 5:29 | Construir | House |
| 5:39 | Crear | Villager (Male) |
| 5:54 | Construir | Farm |
| 6:11 | Crear | Villager (Male) |
| 6:27 | Construir | Farm |
| 6:35 | Crear | Villager (Male) |
| 6:55 | Crear | Villager (Male) |
| 7:11 | Construir | Lumber Camp |
| 7:28 | Crear | Villager (Male) |
| 7:44 | Investigar | Loom |
| 7:45 | Crear | Villager (Male) |
| 7:45 | Crear | Villager (Male) |
| 7:46 | Crear | Villager (Male) |
| 7:46 | Crear | Villager (Male) |
| 8:05 | Construir | Palisade Wall |
| 8:12 | Construir | Palisade Wall |
| 8:18 | Construir | Palisade Wall |
| 8:26 | Construir | Mining Camp |
| 8:47 | Construir | House |
| 9:13 | Construir | Farm |
| 9:31 | Investigar | Feudal Age |
| 9:43 | Construir | Mining Camp |
| 9:59 | Construir | Palisade Gate |
| 10:26 | Construir | House |
| 11:03 | Construir | Farm |
| 11:08 | Construir | Farm |
| 11:52 | Construir | House |
| 11:55 | Construir | House |
| 11:58 | Construir | House |
| 12:08 | Construir | House |
| 12:31 | Crear | Villager (Male) |
| 12:31 | Crear | Villager (Male) |
| 12:31 | Crear | Villager (Male) |
| 12:39 | Edad | Edad Feudal |
| 12:42 | Construir | Blacksmith |
| 12:46 | Crear | Villager (Male) |
| 13:12 | Construir | Market |
| 14:07 | Investigar | Castle Age |
| 14:07 | Investigar | Castle Age |
| 14:20 | Construir | Farm |
| 14:25 | Construir | Farm |
| 14:38 | Construir | Barracks |
| 15:03 | Investigar | Double-Bit Axe |
| 15:27 | Investigar | Horse Collar |
| 15:32 | Crear | Villager (Male) |
| 15:33 | Crear | Villager (Male) |
| 16:47 | Edad | Edad de los Castillos |
| 16:54 | Construir | Town Center |
| 16:59 | Crear | Villager (Male) |
| 17:16 | Construir | Farm |
| 17:17 | Crear | Villager (Male) |
| 17:48 | Construir | Archery Range |
| 17:55 | Crear | Villager (Male) |
| 18:09 | Construir | Farm |
| 18:11 | Crear | Villager (Male) |
| 18:11 | Crear | Villager (Male) |
| 18:23 | Construir | Castle |
| 18:33 | Construir | Farm |
| 18:36 | Crear | Villager (Male) |
| 18:36 | Crear | Villager (Male) |
| 18:36 | Crear | Villager (Male) |
| 18:37 | Crear | Villager (Male) |
| 18:37 | Crear | Villager (Male) |
| 19:07 | Construir | Farm |
| 19:12 | Construir | Farm |
| 19:16 | Crear | Villager (Male) |
| 19:18 | Crear | Villager (Male) |
| 19:29 | Construir | Farm |
| 19:32 | Construir | Farm |
| 19:35 | Crear | Villager (Male) |
| 19:36 | Crear | Villager (Male) |
| 19:41 | Construir | Farm |
| 19:57 | Construir | Mining Camp |
| 20:08 | Construir | Farm |
| 20:15 | Crear | Plumed Archer |
| 20:15 | Crear | Plumed Archer |
| 20:35 | Crear | Plumed Archer |
| 20:35 | Crear | Plumed Archer |
| 20:53 | Construir | Farm |
| 20:54 | Construir | Farm |
| 20:54 | Construir | Farm |
| 20:59 | Crear | Villager (Male) |
| 20:59 | Crear | Villager (Male) |
| 21:00 | Crear | Villager (Male) |
| 21:00 | Crear | Villager (Male) |
| 21:37 | Investigar | Bow Saw |
| 21:40 | Investigar | Heavy Plow |
| 21:42 | Crear | Plumed Archer |
| 21:43 | Crear | Plumed Archer |
| 21:57 | Investigar | Gold Mining |
| 22:03 | Construir | Farm |
| 22:35 | Investigar | Stone Mining |
| 22:38 | Crear | Villager (Male) |
| 22:39 | Crear | Villager (Male) |
| 22:40 | Crear | Villager (Male) |
| 22:40 | Crear | Villager (Male) |
| 22:48 | Construir | Town Center |
| 23:02 | Crear | Plumed Archer |
| 23:02 | Crear | Plumed Archer |
| 23:16 | Crear | Villager (Male) |
| 23:16 | Crear | Villager (Male) |
| 23:17 | Crear | Villager (Male) |
| 23:17 | Crear | Villager (Male) |
| 23:17 | Crear | Villager (Male) |
| 23:28 | Construir | University |
| 23:33 | Construir | Farm |
| 23:36 | Crear | Plumed Archer |
| 23:37 | Crear | Plumed Archer |
| 23:50 | Construir | Farm |
| 23:53 | Crear | Villager (Male) |
| 23:53 | Crear | Villager (Male) |
| 23:54 | Crear | Villager (Male) |
| 23:54 | Crear | Villager (Male) |
| 23:54 | Crear | Villager (Male) |
| 24:25 | Crear | Plumed Archer |
| 24:26 | Crear | Plumed Archer |
| 24:26 | Crear | Plumed Archer |
| 24:26 | Crear | Plumed Archer |
| 24:34 | Crear | Villager (Male) |
| 24:34 | Crear | Villager (Male) |
| 24:35 | Crear | Villager (Male) |
| 24:37 | Crear | Villager (Male) |
| 24:37 | Crear | Villager (Male) |
| 24:54 | Crear | Plumed Archer |
| 24:54 | Crear | Plumed Archer |
| 25:33 | Crear | Plumed Archer |
| 25:33 | Crear | Plumed Archer |
| 25:33 | Crear | Plumed Archer |
| 25:36 | Crear | Villager (Male) |
| 25:36 | Crear | Villager (Male) |
| 25:37 | Crear | Villager (Male) |
Build order — GRECOCHI32
Primeras 150 de 328 acciones detectadas
| 0:00 | Crear | Villager (Male) |
| 0:01 | Crear | Villager (Male) |
| 0:01 | Crear | Villager (Male) |
| 0:01 | Crear | Villager (Male) |
| 0:02 | Crear | Villager (Male) |
| 0:04 | Construir | House |
| 0:05 | Construir | House |
| 0:30 | Investigar | Loom |
| 1:42 | Crear | Villager (Male) |
| 2:07 | Crear | Villager (Male) |
| 2:33 | Crear | Villager (Male) |
| 3:09 | Crear | Villager (Male) |
| 3:24 | Crear | Villager (Male) |
| 4:00 | Crear | Villager (Male) |
| 4:09 | Construir | Mining Camp |
| 4:11 | Construir | House |
| 4:14 | Crear | Villager (Male) |
| 4:54 | Construir | Mill |
| 4:58 | Crear | Villager (Male) |
| 5:20 | Crear | Villager (Male) |
| 5:40 | Crear | Villager (Male) |
| 5:52 | Crear | Villager (Male) |
| 6:27 | Construir | House |
| 6:30 | Crear | Villager (Male) |
| 7:03 | Construir | Lumber Camp |
| 7:12 | Crear | Villager (Male) |
| 7:31 | Crear | Villager (Male) |
| 7:58 | Construir | House |
| 8:07 | Crear | Villager (Male) |
| 8:26 | Crear | Villager (Male) |
| 8:42 | Construir | Mill |
| 8:47 | Crear | Villager (Male) |
| 9:14 | Crear | Villager (Male) |
| 9:55 | Investigar | Feudal Age |
| 10:05 | Construir | House |
| 11:52 | Crear | Villager (Male) |
| 12:07 | Investigar | Wheelbarrow |
| 12:12 | Construir | Barracks |
| 12:23 | Construir | Stone Wall |
| 12:28 | Construir | Gate |
| 12:37 | Investigar | Gold Mining |
| 12:39 | Crear | Villager (Male) |
| 13:33 | Investigar | Town Watch |
| 13:43 | Construir | Blacksmith |
| 13:47 | Construir | Market |
| 13:50 | Crear | Villager (Male) |
| 14:07 | Construir | Mill |
| 14:57 | Crear | Villager (Male) |
| 15:07 | Construir | Mining Camp |
| 15:29 | Crear | Villager (Male) |
| 15:49 | Crear | Villager (Male) |
| 16:02 | Construir | House |
| 16:03 | Construir | House |
| 16:04 | Construir | House |
| 16:10 | Construir | Archery Range |
| 16:22 | Investigar | Castle Age |
| 16:34 | Construir | Mining Camp |
| 16:52 | Crear | Trade Cart |
| 16:53 | Crear | Trade Cart |
| 17:58 | Crear | Trade Cart |
| 18:36 | Crear | Villager (Male) |
| 18:42 | Construir | Archery Range |
| 19:05 | Crear | Cavalry Archer |
| 19:06 | Crear | Cavalry Archer |
| 19:07 | Crear | Cavalry Archer |
| 19:07 | Crear | Cavalry Archer |
| 19:08 | Crear | Cavalry Archer |
| 19:08 | Crear | Cavalry Archer |
| 19:17 | Investigar | Caravan |
| 19:18 | Crear | Villager (Male) |
| 19:25 | Investigar | Gold Shaft Mining |
| 19:51 | Construir | Town Center |
| 20:00 | Crear | Cavalry Archer |
| 20:00 | Crear | Cavalry Archer |
| 20:00 | Crear | Cavalry Archer |
| 20:25 | Crear | Cavalry Archer |
| 20:25 | Crear | Cavalry Archer |
| 20:25 | Crear | Cavalry Archer |
| 20:55 | Crear | Cavalry Archer |
| 20:55 | Crear | Cavalry Archer |
| 21:02 | Crear | Villager (Male) |
| 21:03 | Crear | Villager (Male) |
| 21:49 | Crear | Villager (Male) |
| 21:49 | Crear | Villager (Male) |
| 22:25 | Crear | Cavalry Archer |
| 22:25 | Crear | Cavalry Archer |
| 22:27 | Crear | Cavalry Archer |
| 22:27 | Crear | Cavalry Archer |
| 22:27 | Crear | Cavalry Archer |
| 22:28 | Crear | Cavalry Archer |
| 22:28 | Crear | Cavalry Archer |
| 22:46 | Construir | Mining Camp |
| 23:09 | Crear | Villager (Male) |
| 23:09 | Crear | Villager (Male) |
| 23:13 | Investigar | Padded Archer Armor |
| 23:16 | Investigar | Fletching |
| 23:17 | Investigar | Fletching |
| 23:19 | Crear | Villager (Male) |
| 23:19 | Crear | Villager (Male) |
| 24:11 | Crear | Villager (Male) |
| 24:20 | Crear | Villager (Male) |
| 24:50 | Investigar | Thumb Ring |
| 25:08 | Construir | Mill |
| 25:22 | Investigar | Padded Archer Armor |
| 25:27 | Construir | Stable |
| 27:18 | Crear | Villager (Male) |
| 27:18 | Crear | Villager (Male) |
| 27:34 | Investigar | Scale Barding Armor |
| 27:35 | Investigar | Bodkin Arrow |
| 27:36 | Investigar | Leather Archer Armor |
| 27:41 | Investigar | Leather Archer Armor |
| 27:49 | Construir | House |
| 27:50 | Construir | House |
| 27:50 | Construir | House |
| 27:50 | Construir | House |
| 27:50 | Construir | House |
| 27:51 | Construir | House |
| 27:51 | Construir | House |
| 27:58 | Construir | Mining Camp |
| 28:06 | Construir | Mining Camp |
| 28:36 | Crear | Villager (Male) |
| 28:37 | Crear | Villager (Male) |
| 28:47 | Crear | Trade Cart |
| 28:47 | Crear | Trade Cart |
| 28:47 | Crear | Trade Cart |
| 28:47 | Crear | Trade Cart |
| 28:48 | Crear | Trade Cart |
| 28:48 | Crear | Trade Cart |
| 28:48 | Crear | Trade Cart |
| 28:49 | Crear | Trade Cart |
| 29:03 | Crear | Villager (Male) |
| 29:04 | Crear | Villager (Male) |
| 29:07 | Crear | Cavalry Archer |
| 29:07 | Crear | Cavalry Archer |
| 29:07 | Crear | Cavalry Archer |
| 29:17 | Construir | Castle |
| 30:23 | Crear | Villager (Male) |
| 30:23 | Crear | Villager (Male) |
| 30:24 | Crear | Villager (Male) |
| 30:24 | Crear | Villager (Male) |
| 30:24 | Crear | Villager (Male) |
| 30:24 | Crear | Villager (Male) |
| 30:25 | Crear | Villager (Male) |
| 30:30 | Crear | Cavalry Archer |
| 30:30 | Crear | Cavalry Archer |
| 30:31 | Crear | Cavalry Archer |
| 30:31 | Crear | Cavalry Archer |
| 30:48 | Crear | Cavalry Archer |
| 30:48 | Crear | Cavalry Archer |
| 30:49 | Crear | Cavalry Archer |
Build order — Peters
Primeras 150 de 546 acciones detectadas
| 0:04 | Crear | Villager (Male) |
| 0:04 | Crear | Villager (Male) |
| 0:05 | Crear | Villager (Male) |
| 0:05 | Crear | Villager (Male) |
| 0:06 | Construir | House |
| 0:09 | Construir | House |
| 1:38 | Crear | Villager (Male) |
| 1:57 | Crear | Villager (Male) |
| 2:08 | Crear | Villager (Male) |
| 2:48 | Construir | Palisade Wall |
| 2:53 | Crear | Villager (Male) |
| 3:14 | Crear | Villager (Male) |
| 3:14 | Crear | Villager (Male) |
| 3:23 | Construir | House |
| 3:40 | Crear | Villager (Male) |
| 3:59 | Crear | Villager (Male) |
| 3:59 | Crear | Villager (Male) |
| 4:24 | Crear | Villager (Male) |
| 4:24 | Crear | Villager (Male) |
| 4:39 | Crear | Villager (Male) |
| 4:39 | Crear | Villager (Male) |
| 4:42 | Construir | House |
| 5:02 | Construir | House |
| 5:04 | Crear | Villager (Male) |
| 5:04 | Crear | Villager (Male) |
| 5:05 | Crear | Villager (Male) |
| 5:17 | Construir | Mill |
| 5:47 | Construir | House |
| 5:55 | Construir | Palisade Gate |
| 6:15 | Crear | Villager (Male) |
| 6:15 | Crear | Villager (Male) |
| 6:26 | Crear | Villager (Male) |
| 6:27 | Crear | Villager (Male) |
| 6:40 | Crear | Villager (Male) |
| 6:40 | Crear | Villager (Male) |
| 6:47 | Construir | House |
| 6:48 | Construir | House |
| 7:39 | Crear | Villager (Male) |
| 7:40 | Crear | Villager (Male) |
| 7:40 | Crear | Villager (Male) |
| 7:40 | Crear | Villager (Male) |
| 7:40 | Crear | Villager (Male) |
| 7:41 | Crear | Villager (Male) |
| 7:52 | Construir | Lumber Camp |
| 8:06 | Construir | Mill |
| 8:13 | Construir | Mining Camp |
| 8:44 | Crear | Villager (Male) |
| 8:45 | Crear | Villager (Male) |
| 9:03 | Crear | Villager (Male) |
| 9:03 | Crear | Villager (Male) |
| 9:04 | Crear | Villager (Male) |
| 9:04 | Crear | Villager (Male) |
| 9:04 | Crear | Villager (Male) |
| 9:04 | Crear | Villager (Male) |
| 9:05 | Crear | Villager (Male) |
| 9:21 | Investigar | Feudal Age |
| 9:57 | Crear | Villager (Male) |
| 10:20 | Construir | Barracks |
| 10:32 | Construir | Farm |
| 11:31 | Edad | Edad Feudal |
| 11:37 | Construir | Market |
| 11:54 | Construir | Blacksmith |
| 11:59 | Crear | Villager (Male) |
| 11:59 | Crear | Villager (Male) |
| 12:00 | Crear | Villager (Male) |
| 12:06 | Construir | Farm |
| 12:13 | Construir | Farm |
| 12:45 | Crear | Villager (Male) |
| 13:05 | Construir | Stone Wall |
| 13:12 | Crear | Villager (Male) |
| 13:20 | Construir | Farm |
| 13:24 | Construir | Farm |
| 13:28 | Construir | Farm |
| 13:44 | Construir | Gate |
| 13:57 | Crear | Villager (Male) |
| 14:06 | Construir | House |
| 14:11 | Construir | House |
| 14:46 | Construir | Mining Camp |
| 14:50 | Crear | Villager (Male) |
| 14:50 | Crear | Villager (Male) |
| 14:50 | Crear | Villager (Male) |
| 15:26 | Investigar | Loom |
| 15:53 | Investigar | Castle Age |
| 16:31 | Construir | Farm |
| 16:43 | Construir | Farm |
| 16:48 | Construir | Farm |
| 17:30 | Construir | Stable |
| 17:34 | Crear | Villager (Male) |
| 17:44 | Investigar | Gold Mining |
| 17:46 | Investigar | Horse Collar |
| 17:48 | Investigar | Double-Bit Axe |
| 18:05 | Construir | House |
| 18:08 | Construir | House |
| 18:11 | Construir | House |
| 18:23 | Construir | Stable |
| 18:28 | Investigar | Bloodlines |
| 18:45 | Edad | Edad de los Castillos |
| 18:58 | Crear | Villager (Male) |
| 18:58 | Crear | Villager (Male) |
| 18:58 | Crear | Villager (Male) |
| 19:17 | Construir | Town Center |
| 19:28 | Construir | Mining Camp |
| 19:31 | Crear | Battle Elephant |
| 19:31 | Crear | Battle Elephant |
| 19:38 | Construir | Farm |
| 19:51 | Construir | Farm |
| 19:57 | Construir | Farm |
| 19:59 | Crear | Villager (Male) |
| 19:59 | Crear | Villager (Male) |
| 20:04 | Construir | Farm |
| 20:26 | Crear | Villager (Male) |
| 20:46 | Crear | Villager (Male) |
| 20:47 | Crear | Villager (Male) |
| 20:47 | Crear | Villager (Male) |
| 20:55 | Construir | Farm |
| 21:00 | Crear | Knight |
| 21:01 | Crear | Knight |
| 21:21 | Crear | Knight |
| 21:21 | Crear | Knight |
| 21:23 | Crear | Villager (Male) |
| 21:24 | Crear | Villager (Male) |
| 21:37 | Crear | Villager (Male) |
| 21:37 | Crear | Villager (Male) |
| 21:38 | Crear | Villager (Male) |
| 21:55 | Construir | House |
| 21:57 | Construir | House |
| 22:09 | Crear | Knight |
| 22:09 | Crear | Knight |
| 22:20 | Crear | Villager (Male) |
| 22:20 | Crear | Villager (Male) |
| 22:20 | Crear | Villager (Male) |
| 22:33 | Crear | Villager (Male) |
| 22:33 | Crear | Villager (Male) |
| 22:37 | Construir | Town Center |
| 22:56 | Crear | Villager (Male) |
| 22:57 | Crear | Villager (Male) |
| 22:57 | Crear | Villager (Male) |
| 22:57 | Crear | Villager (Male) |
| 22:58 | Crear | Villager (Male) |
| 22:59 | Crear | Villager (Male) |
| 23:09 | Crear | Villager (Male) |
| 23:09 | Crear | Villager (Male) |
| 23:21 | Construir | Town Center |
| 23:28 | Construir | Farm |
| 23:29 | Construir | Farm |
| 23:29 | Construir | Farm |
| 23:34 | Crear | Villager (Male) |
| 23:34 | Crear | Villager (Male) |
| 23:51 | Crear | Villager (Male) |
| 23:51 | Crear | Villager (Male) |
Cronología de la partida
| 2:48 | Peters · wall_segment Palisade Wall x9 |
| 8:05 | TheBunjiMunji · wall_segment Palisade Wall x4 |
| 8:12 | TheBunjiMunji · wall_segment Palisade Wall x5 |
| 8:18 | TheBunjiMunji · wall_segment Palisade Wall x9 |
| 10:20 | Peters · first_building Barracks |
| 10:25 | Maxi Greco32 · wall_segment Palisade Wall x12 |
| 10:26 | mustelidox · age_up feudal |
| 10:35 | Lorden · first_building Barracks |
| 10:52 | Maxi Greco32 · first_building Barracks |
| 11:31 | Peters · age_up feudal |
| 11:58 | Lorden · wall_segment Palisade Wall x11 |
| 12:02 | Lorden · age_up feudal |
| 12:12 | GRECOCHI32 · first_building Barracks |
| 12:23 | GRECOCHI32 · wall_segment Stone Wall x14 |
| 12:39 | TheBunjiMunji · age_up feudal |
| 12:59 | Lorden · first_building Archery Range |
| 13:05 | Peters · wall_segment Stone Wall x22 |
| 13:43 | mustelidox · first_building Barracks |
| 13:47 | Maxi Greco32 · first_building Stable |
| 14:38 | TheBunjiMunji · first_building Barracks |
| 16:10 | GRECOCHI32 · first_building Archery Range |
| 16:20 | GRECOCHI32 · first_market_buy 100 food |
| 16:47 | TheBunjiMunji · age_up castle |
| 17:30 | Peters · first_building Stable |
| 17:48 | TheBunjiMunji · first_building Archery Range |
| 18:23 | TheBunjiMunji · first_building Castle |
| 18:45 | Peters · age_up castle |
| 19:14 | mustelidox · first_building Siege Workshop |
| 19:41 | GRECOCHI32 · first_market_sell 100 food |
| 20:29 | Maxi Greco32 · wall_segment Stone Wall x15 |
| 20:37 | Maxi Greco32 · wall_segment Stone Wall x11 |
| 21:11 | Lorden · first_market_buy 100 food |
| 21:30 | Lorden · first_market_sell 100 wood |
| 21:57 | mustelidox · first_building Stable |
| 23:02 | Maxi Greco32 · first_market_sell 100 wood |
| 23:05 | Maxi Greco32 · first_market_buy 100 food |
| 24:16 | Lorden · age_up castle |
| 25:27 | GRECOCHI32 · first_building Stable |
| 26:02 | mustelidox · age_up castle |
| 28:06 | mustelidox · first_market_buy 100 stone |
| 28:23 | Peters · first_building Castle |
| 28:27 | mustelidox · first_building Castle |
| 29:17 | GRECOCHI32 · first_building Castle |
| 29:42 | Peters · first_building Siege Workshop |
| 30:14 | mustelidox · first_market_sell 100 food |
| 31:02 | Lorden · first_building Siege Workshop |
| 31:08 | TheBunjiMunji · first_market_sell 100 wood |
| 34:51 | TheBunjiMunji · age_up imperial |
| 35:40 | Peters · first_building Archery Range |
| 36:49 | TheBunjiMunji · first_building Monastery |
| 36:59 | TheBunjiMunji · first_building Siege Workshop |
| 39:28 | Lorden · first_building Monastery |
| 41:10 | Lorden · first_building Castle |
| 45:26 | Maxi Greco32 · first_building Monastery |
| 47:02 | Peters · age_up imperial |
| 49:48 | mustelidox · age_up imperial |
| 50:01 | mustelidox · resign |
| 51:05 | Lorden · age_up imperial |
[ ANÁLISIS IA · 1 CRÉDITO ]
¿Qué pasó realmente en esta partida?
Wolo.gg analiza cada decisión: build order, eco, micro, errores típicos por bracket. Análisis personalizado por WhatsApp o Discord en 30 segundos.
Guía civ
Cumanos
Perfil
Jugador #2145149